 Dungeon Crawl Stone Soup version 0.17.1-1-g73c8601 (webtiles) character file.

552 Dickchan the Grappler (level 7, 0/66 HPs)
             Began as a Troll Monk on Dec 14, 2015.
             Was a Believer of Qazlal.
             Slain by Duvessa
             ... wielding a +0 short sword
              (4 damage)
             ... on level 5 of the Dungeon.
             The game lasted 00:06:00 (3343 turns).

Dickchan the Grappler (Troll Monk)                  Turns: 3343, Time: 00:06:00

Health: 0/66       AC:  6    Str: 25    XL:     7   Next: 8%
Magic:  6/6        EV: 10    Int:  6    God:    Qazlal [**....]
Gold:   247        SH:  3    Dex: 12    Spells: 0 memorised, 6 levels left

rFire  . . .     SeeInvis .       - Unarmed
rCold  + . .     Clarity  .     a - +0 robe
rNeg   . . .     SustAt   .     (no shield)
rPois  .         Gourm    +     (helmet restricted)
rElec  .         Spirit   .     o - +0 cloak
rCorr  .         Warding  .     (gloves unavailable)
rMut   .         Stasis   .     (boots unavailable)
MR     .....                    (no amulet)
Stlth  +.........               j - +3 ring of strength
                                k - ring of protection from cold

@: not resistant to hostile enchantments, very unstealthy
A: unfitting armour, claws 3, fast metabolism 3, gourmand, regeneration 2,
shaggy fur 1, tough skin 2
a: Upheaval, Renounce Religion


You were on level 5 of the Dungeon.
You worshipped Qazlal.
Qazlal was pleased with you.
You were very full.

You visited 1 branch of the dungeon, and saw 5 of its levels.

You collected 247 gold pieces.

Inventory:

Armour
 a - a +0 robe (worn)
 o - a +0 cloak (worn)
Jewellery
 j - a +3 ring of strength (right claw)
 k - a ring of protection from cold (left claw)
 v - an uncursed amulet of rage {unknown}
Scrolls
 c - 4 scrolls of identify {unknown}
 e - a scroll of enchant weapon
 l - a scroll of enchant armour {unknown}
 q - 2 scrolls of random uselessness
 t - a scroll of immolation {unknown}
 u - a scroll of amnesia {unknown}
 x - a scroll of teleportation {unknown}
Potions
 d - a potion of curing {unknown}
 f - 2 potions of brilliance {unknown}
 g - 3 potions of lignification {unknown}
 m - a potion of heal wounds {unknown}
 p - 2 potions of flight {unknown}
 r - a potion of agility {unknown}
 s - a potion of cancellation {unknown}
Books
 w - an Akashic Record

   Spells                             Type                      Level
   a - Dispersal                      Translocation                6
   b - Malign Gateway                 Summoning/Translocation      7
   c - Disjunction                    Translocation                8
   d - Controlled Blink               Translocation                8
Comestibles
 b - 7 bread rations
 h - a beef jerky
 n - 3 meat rations


   Skills:
 - Level 2.4 Fighting
 - Level 2.4 Dodging
 - Level 1.1 Stealth
 + Level 8.6 Unarmed Combat


You had 6 spell levels left.
You didn't know any spells.

Dungeon Overview and Level Annotations

Branches:
Dungeon (5/15)
 Temple: D:4-7

Altars:
Ashenzari
Dithmenos
Fedhas
Makhleb
Qazlal
Ru
Trog
Yredelemnul

Annotations:
D:3 Dickchan's ghost, amateur TrMo
D:5 Dowan; Duvessa


Innate Abilities, Weirdness & Mutations

You are too large for most types of armour.
You have claws for hands.
Your metabolism is lightning-fast.
You like to eat raw meat.
You heal very quickly.
You are covered in fur (AC +1).
You have very tough skin (AC +2).


Message History

You kill the rat!
Qazlal accepts your kill.
Dowan gestures wildly while chanting.
Dowan blinks!
Duvessa barely misses you. The rat barely misses you.
Duvessa says, "Where magic fails, the sword succeeds!"
Dowan mumbles some strange words.
Dowan blinks!
The rat bites you but does no damage.
You scratch the rat.
You kill the rat!
Qazlal accepts your kill. You block Duvessa's attack.
You scratch the rat.
You kill the rat!
Qazlal accepts your kill. Duvessa hits you with a short sword.
* * * LOW HITPOINT WARNING * * *
An orc comes into view. It is wielding a flail.
Duvessa hits you with a short sword.
You die...

#.<.......#.#
#...............+
#.#.............#
#.#############.######
#####. #....... #.....
###'###### #.....
#........<
#.....###########.....(.#.
#.o.e@.....r#.......#
!......###r((###.r.......#.
.....ยง.
.......###.........
.......#......r# ###'######
.......#......r# #....#
.......######### #....#
#####.. #....# #.. #....#
#....#


You could see Duvessa, an orc and 5 rats.

Vanquished Creatures
  An ogre (D:4)
  2 scorpions (D:4)
  A giant frog zombie (D:5)
  A crimson imp (D:5)
  A giant frog skeleton (D:4)
  2 worker ants (D:4)
  A hound skeleton (D:4)
  Robin (D:4)
  7 river rats (D:5)
  4 adders
  3 oozes
  A worm (D:2)
  3 giant geckos (D:1)
  5 giant cockroaches
  6 hobgoblins
  9 kobolds
  3 ball pythons
  7 bats
  A giant gecko skeleton (D:5)
  3 giant newts
  22 goblins
  9 jackals
  13 rats
106 creatures vanquished.

Notes
Turn   | Place    | Note
--------------------------------------------------------------
     0 | D:1      | Dickchan the Troll Monk began the quest for the Orb.
     0 | D:1      | Reached XP level 1. HP: 22/22 MP: 0/0
   122 | D:1      | Reached XP level 2. HP: 29/29 MP: 1/1
   931 | D:2      | Reached skill level 5 in Unarmed Combat
   931 | D:2      | Reached XP level 3. HP: 36/36 MP: 2/2
  1050 | D:2      | Found a shadowy altar of Dithmenos.
  1152 | D:2      | Found a shattered altar of Ashenzari.
  1507 | D:3      | Reached XP level 4. HP: 41/44 MP: 3/3
  1540 | D:3      | Noticed Dickchan's ghost (amateur TrMo)
  2004 | D:3      | Found a sacrificial altar of Ru.
  2091 | D:4      | Found a bloodstained altar of Trog.
  2092 | D:4      | Found a burning altar of Makhleb.
  2104 | D:4      | Reached skill level 6 in Unarmed Combat
  2104 | D:4      | Reached XP level 5. HP: 36/50 MP: 4/4
  2352 | D:4      | Reached skill level 7 in Unarmed Combat
  2466 | D:4      | Noticed Robin
  2489 | D:4      | Killed Robin
  2489 | D:4      | Reached XP level 6. HP: 49/59 MP: 5/5
  2782 | D:4      | Found a blossoming altar of Fedhas.
  2782 | D:4      | Found a basalt altar of Yredelemnul.
  2787 | D:4      | Found a stormy altar of Qazlal.
  2819 | D:4      | Became a worshipper of Qazlal Stormbringer
  2819 | D:4      | Reached * piety under Qazlal
  2819 | D:4      | Reached ** piety under Qazlal
  2874 | D:4      | Noticed an ogre
  2879 | D:4      | Killed an ogre
  2986 | D:4      | Reached skill level 8 in Unarmed Combat
  3256 | D:5      | Entered Level 5 of the Dungeon
  3311 | D:5      | Reached XP level 7. HP: 54/66 MP: 6/6
  3324 | D:5      | Noticed Dowan
  3326 | D:5      | Noticed Duvessa
  3337 | D:5      | HP: 3/66 [Duvessa/short sword (8)]
  3343 | D:5      | Slain by Duvessa

Action                   |  1- 3 |  4- 6 |  7- 9 || total
-------------------------+-------+-------+-------++-------
Melee: Unarmed           |    89 |   141 |    22 ||   252
  Use: Scroll            |       |       |     3 ||     3
 Stab: Sleeping          |     5 |       |       ||     5
  Eat: Chunk             |    16 |    18 |       ||    34
